 Dungeon Crawl Stone Soup version 0.31.0-11-ge490571c62 (webtiles) character file.

Game seed: 1060116969750614574

95 qw the Shooter (level 4, -1/25 HPs)
             Began as a Deep Elf Hunter on Feb 3, 2024.
             Slain by an iguana (9 damage)
             ... on level 3 of the Dungeon.
             The game lasted 00:00:07 (1781 turns).

qw the Shooter (Deep Elf Hunter)                    Turns: 1781, Time: 00:00:09

Health: -1/25      AC:  7    Str: 10    XL:     4   Next: 39%
Magic:  6/6        EV: 12    Int: 14    God:
Gold:   71         SH:  0    Dex: 18    Spells: 3/3 levels left

rFire   . . .        a - +0 shortbow
rCold   . . .        (shield currently unavailable)
rNeg    . . .        c - +0 leather armour
rPois   .            i - +2 helmet
rElec   .            (no cloak)
rCorr   .            (no gloves)
SInv    .            m - +0 pair of boots
Will    .....        (no amulet)
Stlth   ++           (no ring)
HPRegen 0.24/turn    (no ring)
MPRegen 0.10/turn

%: no passive effects
@: no status effects
A: no striking features
a: no special abilities


You were on level 3 of the Dungeon.
You visited 1 branch of the dungeon, and saw 3 of its levels.

You collected 71 gold pieces.


   Skills:
 - Level 1.5 Fighting
 + Level 7.8 Ranged Weapons
 - Level 2.4 Dodging
 - Level 1.2 Stealth


You had 3 spell levels left.
You didn't know any spells.
Your spell library was empty.

Inventory:

Hand Weapons
 a - a +0 shortbow (weapon)
Armour
 c - a +0 leather armour (worn)
 i - a +2 helmet (worn)
 m - a +0 pair of boots (worn)
Scrolls
 b - a scroll of teleportation
Potions
 f - a potion of might

Dungeon Overview and Level Annotations

Branches:
Dungeon (3/15)

Altars:
Cheibriados
Nemelex Xobeh

Shops:
D:2 =


Message History

An orc wizard comes into view. It is wielding a +0 dagger.
You shoot an arrow.
The arrow hits the orc wizard but does no damage.
The orc wizard is moderately wounded.
A rat comes into view.
An iguana comes into view.
Enter note:
Enter note:
Enter note:
Enter note:
1769 ||| RETREEEEATING.
You shoot an arrow. The arrow barely misses the orc wizard.
The arrow hits the orc wizard but does no damage.
You shoot an arrow. The arrow hits the orc wizard.
The orc wizard is severely wounded.
The orc wizard grunts repeatedly.
The orc wizard barely misses you.
You shoot an arrow. The arrow hits the orc wizard.
The orc wizard is almost dead.
The orc wizard hits you with a +0 dagger.
You shoot an arrow. The arrow hits the orc wizard!
You kill the orc wizard!
You shoot an arrow. The arrow hits the orc!
You kill the orc!
You shoot an arrow.
The arrow closely misses the orc wizard.
The orc wizard barely misses you.
You shoot an arrow. The arrow hits the orc wizard.
The orc wizard is lightly wounded.
The orc wizard casts a spell at you.
You are confused.
The orc wizard hits you with a +0 dagger.
The iguana bites you but does no damage.
The orc wizard misses you. The iguana bites you.
The orc wizard hits you but does no damage.
The iguana bites you!
The orc wizard hits you but does no damage.
You feel less confused. The iguana bites you!
You die...

..........##### ... ..
...#####.##..... .... ..
..# #........###. ....##.
#.#.#.###.#### #. .......
#.#.#.###># #. .....
..........# #. . ...
#.###.##..## #.
....##.##.# #.##(..## #%
...?$).o@.###.##..#.## #.
r......l.........###.###.
.#####.###....#.## ##.)..
#...........###.##.#
#####.#####..#....##
#............##.#.#
#.#...####.........
#.#........####.###
#.#...###### ...


You could see an iguana and an orc wizard.

Vanquished Creatures
  An orc wizard (D:3)
  Robin (D:2)
  3 ribbon worms
  2 orcs (D:3)
  3 ball pythons
  2 bats
  3 endoplasms
  4 giant cockroaches
  7 hobgoblins
  3 frilled lizards
  10 goblins
  7 rats
46 creatures vanquished.

Notes
Turn   | Place    | Note
-------+----------+-------------------------------------------
     0 | D:1      | qw the Deep Elf Hunter began the quest for the Orb.
     0 | D:1      | Reached XP level 1. HP: 12/12 MP: 3/3
     0 | D:1      | 0 ||| qw: Version: 0.3-a-155-g5e7d8dd
     0 | D:1      | 0 ||| qw: Game counter: 3139
     0 | D:1      | 0 ||| qw: Melee chars always use a shield: true
     0 | D:1      | 0 ||| qw: God list: Okawaru
     0 | D:1      | 0 ||| qw: Allow faded altars: false
     0 | D:1      | 0 ||| qw: Do Orc after clearing Dungeon:15 true
     0 | D:1      | 0 ||| qw: Do second Lair branch before Depths: true
     0 | D:1      | 0 ||| qw: Lair rune preference: random
     0 | D:1      | 0 ||| qw: Goals: Normal
     0 | D:1      | 0 ||| PLANNING D:1-11
   527 | D:1      | Reached XP level 2. HP: 16/16 MP: 4/4
   539 | D:1      | Reached skill level 6 in Ranged Weapons
   796 | D:1      | 796 ||| UPGRADING to +0 helmet.
   801 | D:1      | 801 ||| UPGRADING to +0 pair of boots.
   806 | D:1      | 806 ||| READING scroll labelled ZEMORH TOYDA.
   806 | D:1      | 806 ||| IDENTIFYING green potion
   807 | D:1      | 807 ||| READING scroll labelled TENKUD ERAIFE.
   808 | D:1      | 808 ||| READING scroll labelled ZIUMOF QAINECA.
   811 | D:1      | 811 ||| READING scroll labelled KUM TONENOVIZ.
   812 | D:1      | 812 ||| READING scroll labelled NUAMYW YFOIMM.
   813 | D:1      | 813 ||| READING scroll labelled MATUYHISSO.
   814 | D:1      | 814 ||| READING 2 scrolls labelled YLAENA SAPPUWN.
   814 | D:1      | 814 ||| ENCHANTING +0 helmet.
   815 | D:1      | 815 ||| READING scroll of enchant armour.
   815 | D:1      | 815 ||| ENCHANTING +1 helmet.
   816 | D:1      | 816 ||| DROPPING scroll of butterflies.
   818 | D:1      | 818 ||| Stepping ~*~*~tactically~*~*~ (cloud).
   819 | D:1      | 819 ||| DRINKING potion of curing.
   819 | D:1      | 819 ||| (to cure poison)
   869 | D:2      | 869 ||| STAIRDANCE
   874 | D:2      | 874 ||| STAIRDANCE
  1019 | D:2      | Reached XP level 3. HP: 20/20 MP: 5/5
  1189 | D:2      | Found Difonuq's Jewellery Shoppe.
  1197 | D:2      | 1197 ||| SHOPLISTING +5 ring of evasion (360 gold, have
                  | 44).
  1197 | D:2      | 1197 ||| SHOPLISTING +6 ring of dexterity (360 gold, have
                  | 44).
  1197 | D:2      | 1197 ||| SHOPLISTING amulet of the acrobat (300 gold, have
                  | 44).
  1197 | D:2      | 1197 ||| SHOPLISTING ring "Vaudeif" {rC+ Will+ Str+2 Dex+3}
                  | (481 gold, have 44).
  1197 | D:2      | 1197 ||| SHOPLISTING ring of Virtue {AC+4 Slay+2} (514
                  | gold, have 44).
  1197 | D:2      | 1197 ||| SHOPLISTING ring of positive energy (200 gold,
                  | have 44).
  1197 | D:2      | 1197 ||| SHOPLISTING ring of protection from fire (250
                  | gold, have 44).
  1213 | D:2      | Identified the +3 dagger "Sewaxoota" {antimagic, Str+4}
  1251 | D:2      | Found a snail-covered altar of Cheibriados.
  1394 | D:2      | 1394 ||| DROPPING ring of magical power.
  1395 | D:2      | 1395 ||| READING scroll of identify.
  1395 | D:2      | 1395 ||| IDENTIFYING murky pink potion
  1396 | D:2      | 1396 ||| READING scroll labelled EGYMAM QAYNIGH.
  1438 | D:3      | Noticed Robin
  1441 | D:3      | 1441 ||| STAIRDANCE
  1446 | D:3      | 1446 ||| STAIRDANCE
  1463 | D:3      | 1463 ||| STAIRDANCE
  1473 | D:3      | 1473 ||| STAIRDANCE
  1477 | D:2      | Killed Robin
  1478 | D:2      | Reached skill level 7 in Ranged Weapons
  1489 | D:3      | 1489 ||| STAIRDANCE
  1692 | D:3      | Found a sparkling altar of Nemelex Xobeh.
  1738 | D:3      | Reached XP level 4. HP: 25/25 MP: 6/6
  1769 | D:3      | 1769 ||| RETREEEEATING.
  1781 | D:3      | Slain by an iguana

Levels and vault maps discovered:
D:1:      minmay_arrival_four_houses, layout_basic
D:2:      layout_basic, serial_shops, shop, basic_altar,
          mrwooster_statue_mirror, hangedman_decor_clover_reticule,
          minmay_tromino_v4_a
D:3:      layout_loops_ring, nicolae_wu_jian_wuxing_cycle,
          nemelex_xobeh_ov_fountains_minmay, minivault_19, uniq_robin

Skill      XL: |  1  2  3 |
---------------+----------+-----
Ranged Weapons | 6 7 |  7.8
Fighting       | |  1.5
Dodging        | |  2.4
Stealth        | |  1.2

Action                     |  1- 3 |  4- 6 || total
---------------------------+-------+-------++-------
   Fire: Shortbow          |   118 |    10 ||   128
    Use: Scroll            |    10 |       ||    10
         Potion            |     1 |       ||     1
 Armour: Leather armour    |    33 |     8 ||    41
  Dodge: Dodged            |    41 |     3 ||    44

Table legend:
 A = Non-vault XP
 B = Vault XP
 C = Vault XP percentage of total XP
 D = Non-vault monster count
 E = Vault monster count
 F = Vault count percentage of total count
                 A         B        C        D         E       F
            +---------+---------+-------+---------+---------+-------
      Total |     100 |      36 |  26.5 |      35 |      11 |  23.9
            +---------+---------+-------+---------+---------+-------
        D:1 |      17 |       5 |  22.7 |      11 |       2 |  15.4
        D:2 |      22 |      27 |  55.1 |       9 |       7 |  43.8
        D:3 |      61 |       4 |   6.2 |      15 |       2 |  11.8
            +---------+---------+-------+---------+---------+-------
